 Dungeon Crawl Stone Soup version 0.22-a0-756-gc33bbe721d (webtiles) character file.

8421 Kriby the Thaumaturge (level 11, 0/67 HPs)
             Began as a Deep Elf Warper on July 16, 2018.
             Was a Believer of Vehumet.
             Splashed by a tengu conjurer's acid (14 damage)
             ... on level 9 of the Dungeon.
             The game lasted 00:55:42 (13905 turns).

Kriby the Thaumaturge (Deep Elf Warper)            Turns: 13905, Time: 00:55:43

Health: 0/67       AC:  7    Str:  6    XL:     11   Next: 9%
Magic:  15/28      EV: 15    Int: 22    God:    Vehumet [**....]
Gold:   88         SH:  4    Dex: 17    Spells: 21/33 levels left

rFire    + . .     SeeInvis .   a - staff of fire
rCold    . . .     Gourm    .   (no shield)
rNeg     . . .     Faith    .   w - +2 ring mail {rPois}
rPois    +         Spirit   .   r - +2 helmet
rElec    .         Reflect  .   v - +0 cloak
rCorr    .         Harm     .   (no gloves)
MR       +....                  (no boots)
Stlth    +.........             l - amulet of regeneration
HPRegen  0.61/turn              u - +3 ring of dexterity
MPRegen  0.21/turn              (no ring)

@: corroded, very slightly contaminated
A: talons 1, large bone plates 1, weak 1, MP-powered wands
a: Renounce Religion


You were on level 9 of the Dungeon.
You worshipped Vehumet.
Vehumet was pleased with you.
You were not hungry.

You visited 2 branches of the dungeon, and saw 10 of its levels.

You collected 589 gold pieces.
You spent 501 gold pieces at shops.

Inventory:

Hand Weapons
 b - a +0 blowgun
 C - the +11 long sword of the Grey Skies {flame, rC++ rN++ Int-4}
   (You bought it in a shop on level 8 of the Dungeon)

   It has been specially enchanted to burn those struck by it, causing extra
   injury to most foes and up to half again as much damage against particularly
   susceptible opponents.
   Big, fiery blades are also staple armaments of hydra-hunters.
   It affects your intelligence (-4).
   It greatly protects you from cold.
   It greatly protects you from negative energy.
 J - a +0 rapier
Missiles
 c - 183 stones
 e - 5 tomahawks of dispersal
 h - a throwing net
 o - 34 poisoned needles
 s - 13 sling bullets
 B - 8 tomahawks (quivered)
Armour
 n - a +1 leather armour
 r - a +2 helmet (worn)
 v - a +0 cloak (worn)
 w - a +2 ring mail of poison resistance (worn)
Magical Staves
 a - an uncursed staff of fire (weapon)
 i - an uncursed staff of poison
Jewellery
 k - an uncursed ring of resist corrosion {unknown}
 l - an amulet of regeneration (around neck)
 m - an uncursed ring of protection from magic
 u - a +3 ring of dexterity (left hand)
Wands
 x - a wand of polymorph (8)
Scrolls
 d - a scroll of blinking {@r4}
 p - a scroll of magic mapping
 t - 2 scrolls of fog {unknown}
 y - a scroll of immolation
 z - 7 scrolls of enchant armour
 A - 8 scrolls of teleportation {@r3}
 D - a scroll of vulnerability
 I - a scroll of amnesia {unknown}
Potions
 g - a potion of cancellation
 q - a potion of mutation
 E - 2 potions of curing {@q1}
 H - a potion of brilliance {unknown}
Comestibles
 f - 17 rations {@e1}
 j - 3 chunks of flesh


   Skills:
 + Level 7.6 Fighting
 - Level 2.0 Short Blades
 - Level 1.0 Throwing
 - Level 0.7 Armour
 + Level 10.7 Dodging
 + Level 11.6 Spellcasting
 * Level 8.7 Conjurations
 - Level 3.2 Translocations


You had 21 spell levels left.
You knew the following spells:

 Your Spells              Type           Power        Failure   Level  Hunger
a - Shroud of Golubria    Chrm/Tloc      ###.......   16%         2    None
b - Blink                 Tloc           N/A          8%          2    None
c - Gell's Gravitas       Tloc           ####......   16%         3    None
d - Magic Dart            Conj           ####         1%          1    None
e - Flame Tongue          Conj/Fire      #####        3%          1    None
r - Regeneration          Chrm/Necr      ##........   52%         3    None

Your spell library contained the following spells:

 Spells                   Type           Power        Failure   Level  Hunger
 Teleport Other           Tloc           ####....     16%         3    None
 Spider Form              Tmut/Pois      ##........   52%         3    None
 Blade Hands              Tmut           ##........   99%         5    ####...
 Ice Form                 Ice/Tmut       ##......     89%         4    None
 Sticks to Snakes         Tmut           ##......     30%         2    None
 Passage of Golubria      Tloc           N/A          45%         4    None
 Beastly Appendage        Tmut           ##....       21%         1    None
 Infusion                 Chrm           ##..         21%         1    None
 Song of Slaying          Chrm           ##......     30%         2    None
 Spectral Weapon          Hex/Chrm       ##......     52%         3    None
 Lesser Beckoning         Tloc           ####......   16%         3    None


Dungeon Overview and Level Annotations

Branches:
Dungeon (9/15)             Temple (1/1) D:5
   Lair: D:8-11         Orc: D:9-12

Altars:
Ashenzari
Cheibriados
Dithmenos
Elyvilon
Fedhas
Gozag
Hepliaklqana
Kikubaaqudgha
Makhleb
Nemelex Xobeh
Okawaru
Qazlal
Ru
Sif Muna
Trog
Uskayaw
Vehumet
Wu Jian
Xom
Yredelemnul
Zin
The Shining One

Shops:
D:8 *

Annotations:
D:3 1 runed door, exclusion: downstairs
D:5 1 runed door, Steforg's ghost, novice OpIE
D:9 2 transporters, rupin's ghost, novice MiBe


Innate Abilities, Weirdness & Mutations

You have sharp toenails.
You are partially covered in large bone plates. (SH +4)
You are weak. (Str -2)
You expend magic power (3 MP) to strengthen your wands.


Message History

You feel a surge of power!
The flame tongue hits the howler monkey simulacrum.
The howler monkey simulacrum is lightly damaged.
The howler monkey simulacrum hits you.
The howler monkey simulacrum freezes you!
Casting: Flame Tongue (safe; 3% risk of failure)
Confirm with . or Enter, or press ? or * to list all spells.
Aiming: Flame Tongue (safe; 3% risk of failure)
Press: ? - help, Shift-Dir - straight line, f/p - howler monkey simulacrum
Aim: a howler monkey simulacrum (lightly damaged)
You feel a surge of power!
The flame tongue hits the howler monkey simulacrum.
The howler monkey simulacrum melts!
The howler monkey simulacrum vapourises!
Vehumet accepts your kill.
You hear a sizzling sound!
The tengu conjurer zaps a wand.
The bolt of acid hits you!
* * * LOW HITPOINT WARNING * * *
The acid corrodes you!
You are splashed with acid!
The acid burns!
You die...

#<..# #[[.# #(..# #...# #####
#.[.# ##...#####...#
######............#
#.....©.©...[.#...#
###############@.(#############
..#....=)$OWOO#.................
#.#..#.#..#.#.................
#..##...##..#.................
#?. #...##..#.....Q...........
#.# .#.#..#.#.....(..)........
#. .©?.. #.....<....Q...>..
#.................
...................


You could see a tengu conjurer.

Vanquished Creatures
  Gastronok (D:8)
  Erolcha (D:8)
  A two-headed ogre (D:8)
  Psyche (D:8)
  Maurice (D:8)
  A troll (D:8)
  Grinder (D:5)
  2 hungry ghosts
  2 water moccasins (D:6)
  3 orc warriors
  A black bear (D:8)
  7 ogres
  2 phantoms
  2 centaurs
  5 bullfrogs
  A big kobold (D:8)
  A gnoll sergeant (D:7)
  A water moccasin zombie (D:5)
  4 scorpions
  10 killer bees
  12 wights
  A howler monkey (D:4)
  2 crimson imps
  A quasit (D:8)
  A centaur zombie (D:9)
  3 hounds
  2 jellies
  5 orc priests
  A bullfrog skeleton (D:5)
  3 orc wizards
  A gnoll shaman (D:5)
  2 iguanas
  4 worker ants
  2 hound skeletons
  A worker ant zombie (D:5)
  10 gnolls
  A howler monkey skeleton (D:7)
  8 adders
  A shadow imp (D:9)
  A howler monkey simulacrum (D:9)
  An adder zombie (D:6)
  2 worms
  2 dart slugs
  4 leopard geckos
  14 orcs
  2 ball pythons (D:1)
  6 giant cockroaches
  6 goblins
  4 hobgoblins
  14 kobolds
  4 quokkas
  6 bats
  5 frilled lizards
  A giant cockroach zombie (D:6)
  A leopard gecko skeleton (D:7)
  A quokka skeleton (D:9)
  4 rats (D:1)
187 creatures vanquished.

Notes
Turn   | Place    | Note
-------+----------+-------------------------------------------
     0 | D:1      | Kriby the Deep Elf Warper began the quest for the Orb.
     0 | D:1      | Reached XP level 1. HP: 12/12 MP: 6/6
   114 | D:1      | Reached XP level 2. HP: 14/17 MP: 8/8
   326 | D:1      | Found a snail-covered altar of Cheibriados.
  1147 | D:2      | Reached XP level 3. HP: 16/21 MP: 10/10
  1394 | D:2      | Learned a level 2 spell: Blink
  1397 | D:2      | Learned a level 2 spell: Shroud of Golubria
  2742 | D:3      | Found a runed door.
  2772 | D:3      | Reached skill level 4 in Spellcasting
  3110 | D:3      | HP: 1/21 [poisoned by an adder]
  3477 | D:3      | Reached XP level 4. HP: 21/27 MP: 7/12
  3809 | D:3      | Found a hide-covered altar of Uskayaw.
  3921 | D:3      | Gained mutation: You are partially covered in large bone plates. (SH +4) [potion of mutation]
  3921 | D:3      | Gained mutation: You are weak. (Str -2) [potion of mutation]
  3921 | D:3      | Gained mutation: You have sharp toenails. [potion of mutation]
  3921 | D:3      | Gained mutation: You expend magic power (3 MP) to strengthen your wands. [potion of mutation]
  4567 | D:4      | Noticed an ogre
  5182 | D:4      | Reached XP level 5. HP: 30/32 MP: 14/14
  5267 | D:4      | Killed an ogre
  5267 | D:4      | Reached skill level 5 in Spellcasting
  5596 | D:4      | Reached XP level 6. HP: 32/37 MP: 16/16
  5665 | D:4      | Found an iron altar of Okawaru.
  5680 | D:4      | Reached skill level 5 in Dodging
  5874 | D:5      | Entered Level 5 of the Dungeon
  5913 | D:5      | Noticed Grinder
  5926 | D:5      | Killed Grinder
  5926 | D:5      | Reached skill level 6 in Spellcasting
  5926 | D:5      | Reached XP level 7. HP: 42/42 MP: 11/18
  6072 | D:5      | Reached skill level 7 in Spellcasting
  6383 | D:5      | Found a staircase to the Ecumenical Temple.
  6391 | Temple   | Entered the Ecumenical Temple
  6485 | Temple   | Became a worshipper of Vehumet
  6972 | D:5      | Found a runed door.
  6974 | D:5      | Noticed Steforg's ghost (novice OpIE)
  7371 | D:5      | Found a deep blue altar of Sif Muna.
  7372 | D:5      | Found a blossoming altar of Fedhas.
  7423 | D:5      | Reached XP level 8. HP: 41/48 MP: 19/21
  7678 | D:6      | Learned a level 3 spell: Gell's Gravitas
  8088 | D:6      | Reached skill level 8 in Spellcasting
  8123 | D:6      | Reached skill level 5 in Fighting
  8775 | D:6      | Found a hazy altar of Hepliaklqana.
  8794 | D:6      | Learned a level 3 spell: Regeneration
  9026 | D:6      | Reached skill level 9 in Spellcasting
  9527 | D:7      | Reached * piety under Vehumet
  9527 | D:7      | Offered knowledge of Magic Dart by Vehumet.
  9542 | D:6      | Learned a level 1 spell: Magic Dart
  9593 | D:6      | Reached XP level 9. HP: 52/55 MP: 12/24
  9796 | D:7      | Reached skill level 1 in Conjurations
  9870 | D:7      | Found a sacrificial altar of Ru.
 10896 | D:7      | Reached skill level 10 in Spellcasting
 11344 | D:8      | Noticed Maurice
 11406 | D:8      | Killed Maurice
 11454 | D:8      | Reached skill level 5 in Conjurations
 11858 | D:8      | Noticed Psyche
 11936 | D:8      | Killed Psyche
 11936 | D:8      | Reached XP level 10. HP: 37/61 MP: 24/26
 12072 | D:8      | Offered knowledge of Flame Tongue by Vehumet.
 12100 | D:8      | Learned a level 1 spell: Flame Tongue
 12148 | D:8      | Noticed Gastronok
 12291 | D:8      | Killed Gastronok
 12291 | D:8      | Reached ** piety under Vehumet
 12291 | D:8      | Reached skill level 10 in Dodging
 12291 | D:8      | Reached skill level 11 in Spellcasting
 12510 | D:8      | Found a deep blue altar of Sif Muna.
 12535 | D:8      | Found Xeatelakh's Assorted Antiques.
 12543 | D:8      | Bought a lumpy dark potion for 25 gold pieces
 12543 | D:8      | Bought a scroll of enchant armour for 210 gold pieces
 12543 | D:8      | Bought a scroll labeled QITOWI OSOEST for 28 gold pieces
 12543 | D:8      | Bought a warped long sword for 238 gold pieces
 12543 | D:8      | Identified the +11 long sword of the Grey Skies {flame, rC++ rN++ Int-4} (You bought it in a shop on level 8 of the Dungeon)
 12958 | D:9      | Noticed a two-headed ogre
 13003 | D:9      | Noticed a two-headed ogre
 13014 | D:8      | Killed a two-headed ogre
 13057 | D:9      | Found a transporter.
 13282 | D:9      | Noticed Erolcha
 13286 | D:9      | Noticed rupin's ghost (novice MiBe)
 13744 | D:8      | Killed Erolcha
 13744 | D:8      | Reached XP level 11. HP: 39/67 MP: 21/28
 13866 | D:9      | Found a transporter.
 13866 | D:9      | Noticed a two-headed ogre
 13892 | D:9      | Offered knowledge of Inner Flame by Vehumet.
 13905 | D:9      | Splashed by a tengu conjurer's acid

Vault maps used:
D:1:      dpeg_arrival_tiny_k, cheibriados_altar_1
D:2:      first_ration, serial_bayou_pond_a
D:3:      eat_drink_and_be_merry_uskayaw, st_stairs_12, uniq_crazy_yiuf_cottage
D:4:      minmay_misc_feat_five, dk_noncrumbling_4, okawaru_gym_becter
D:5:      gammafunk_temple_overflow_statue, minmay_temple_entry_junction,
          hellmonk_ghost_happy_afterlife, kennysheep_generic_room_8,
          uniq_grinder
D:6:      nicolae_overflow_hidden_temple, minmay_checkerbox
D:7:      nicolae_ru_awakened_eye, grunt_ogre_cave, st_stairs_13
D:8:      serial_shops, shop_statue, nicolae_benzene_ring,
          lemuel_blue_sif_altar, uniq_maurice, uniq_gastronok, uniq_psyche
D:9:      gammafunk_ghost_smash, jmf_multi_god_temple2, uniq_erolcha
Temple:   minmay_crystal_spiral_temple

Skill      XL: |  1  2  3  4  5  6  7  8  9 10 |
---------------+-------------------------------+-----
Fighting       | 2 3 4 5 6 7 |  7.6
Dodging        | 3 4 5 6 8 9 10 | 10.7
Spellcasting   | 4 5 6 7 9 10 11 | 11.6
Conjurations   | 5 8 |  8.7
Short Blades   | |  2.0
Throwing       | |  1.0
Armour         | |  0.7
Translocations | |  3.2

Action                   |  1- 3 |  4- 6 |  7- 9 | 10-12 || total
-------------------------+-------+-------+-------+-------++-------
Melee: Short sword       |   202 |    18 |       |       ||   220
       Rapier            |       |    86 |   345 |    47 ||   478
       Kick              |       |    14 |    71 |    11 ||    96
       Blowgun           |       |       |     1 |       ||     1
 Fire: Blowgun           |       |    42 |   340 |    25 ||   407
Throw: Stone             |    20 |       |    34 |     1 ||    55
       Tomahawk          |    12 |     1 |    22 |       ||    35
       Throwing net      |       |       |     2 |       ||     2
 Cast: Shroud of Golubri |    10 |     2 |     1 |       ||    13
       Blink             |       |       |    56 |    17 ||    73
       Magic Dart        |       |       |    34 |     2 ||    36
       Gell's Gravitas   |       |       |     1 |       ||     1
       Flame Tongue      |       |       |       |   171 ||   171
Evoke: Wand              |       |     2 |    26 |    10 ||    38
  Use: Scroll            |     3 |     6 |     6 |     5 ||    20
       Potion            |     3 |     2 |     1 |       ||     6
 Stab: Paralysed         |       |     5 |    13 |       ||    18
  Eat: Chunk             |     3 |     6 |     9 |     5 ||    23
       Ration            |     2 |       |     3 |     1 ||     6
Armor: Leather armour    |    52 |    19 |    85 |    39 ||   195
       Skin              |       |     7 |       |       ||     7
       Ring mail         |       |       |       |     4 ||     4
Dodge: Dodged            |   118 |    50 |   363 |   122 ||   653
Block: Other             |       |     8 |    82 |    28 ||   118

Table legend:
 A = Spawn XP
 B = Non-spawn XP
 C = Spawn XP percentage of total XP
 D = Spawn monster count
 E = Non-spawn monster count
 F = Spawn count percentage of total count
 G = Total turns spent on level
                    A         B        C        D         E        F      G
               +---------+---------+-------+---------+---------+-------+---------
         Total |       0 |   12031 |   0.0 |       0 |     187 |   0.0 | 13905
               +---------+---------+-------+---------+---------+-------+---------
           D:1 |       0 |      40 |   0.0 |       0 |      23 |   0.0 |  1527
           D:2 |       0 |      26 |   0.0 |       0 |      13 |   0.0 |  1724
           D:3 |       0 |      80 |   0.0 |       0 |      15 |   0.0 |  1532
           D:4 |       0 |     395 |   0.0 |       0 |      10 |   0.0 |  1251
           D:5 |       0 |     949 |   0.0 |       0 |      20 |   0.0 |  1616
           D:6 |       0 |    1454 |   0.0 |       0 |      30 |   0.0 |  2043
           D:7 |       0 |    1503 |   0.0 |       0 |      25 |   0.0 |  1543
           D:8 |       0 |    6910 |   0.0 |       0 |      33 |   0.0 |  2209
           D:9 |       0 |     674 |   0.0 |       0 |      18 |   0.0 |   278
               +---------+---------+-------+---------+---------+-------+---------
